Map: Magma Mines

Players

Larry - Winner!

  • Race: Protoss Protoss
  • League: Grandmaster
  • Spawn Location: 1:00

puCK (Nina)

  • Race: Protoss Protoss
  • League: Grandmaster
  • Spawn Location: 11:00

Bioice

  • Race: Zerg Zerg
  • League: Grandmaster
  • Spawn Location: 9:00

Ares - Winner!

  • Race: Zerg Zerg
  • Spawn Location: 3:00

VOD

Have the link to the VOD?

Description

Time

  • Played on: Aug. 23, 2016, 2:55 p.m.
  • Length: 7:12
Show
View Real Time Build Order
Export as new Build Order

Larry Protoss - Winner!

Build Orders: Cannon Rush 

Get SALT Encoding   

  12  0:01  Probe (Chrono Boost)  
  13  0:11  Probe (Chrono Boost)  
  14  0:18  Pylon  
  14  0:22  Probe (Chrono Boost)  
  15  0:36  Probe (Chrono Boost)  
  15  0:39  Forge  
  16  0:51  Probe (Chrono Boost)  
  16  0:54  Pylon  
  17  1:15  Photon Cannon  
  17  1:19  Pylon  
  17  1:20  Pylon  
  17  1:42  Photon Cannon  
  17  1:43  Gateway  
  17  1:46  Pylon  
  17  1:49  Probe (Chrono Boost)  
  17  1:53  Photon Cannon  
  18  2:02  Photon Cannon  
  18  2:03  Photon Cannon  
  18  2:18  Probe (Chrono Boost)  
  18  2:22  Assimilator  
  19  2:24  Assimilator  
  19  2:26  Photon Cannon  
  19  2:32  Probe (Chrono Boost), Cybernetics Core  
  20  2:46  Probe (Chrono Boost)  
  21  2:57  Probe (Chrono Boost)  
  22  3:07  Probe (Chrono Boost)  
  24  3:20  Probe (Chrono Boost)  
  24  3:22  Pylon  
  24  3:33  Nexus  
  24  3:44  Stargate  
  24  3:50  Stargate  
  24  4:03  Probe (Chrono Boost)  
  25  4:14  Mothership Core (Chrono Boost)  
  27  4:37  Phoenix (Chrono Boost)  
  29  4:40  Phoenix (Chrono Boost)  
  29  4:45  Nexus  
  31  4:46  Pylon  
  24  5:02  Phoenix (Chrono Boost)  
  22  5:12  Probe (Chrono Boost)  
  23  5:14  Phoenix  
  25  5:25  Phoenix  
  27  5:39  Phoenix  
  27  5:58  Phoenix  
  30  6:04  Probe (Chrono Boost)  
  30  6:20  Phoenix  
Show
View Real Time Build Order
Export as new Build Order

puCK Protoss 

Build Orders:  

Get SALT Encoding   

  12  0:01  Probe (Chrono Boost)  
  13  0:12  Probe (Chrono Boost)  
  14  0:22  Probe (Chrono Boost), Pylon  
  15  0:40  Probe (Chrono Boost), Gateway  
  16  0:46  Assimilator  
  16  0:51  Probe (Chrono Boost)  
  17  1:01  Probe (Chrono Boost)  
  18  1:14  Probe (Chrono Boost)  
  19  1:27  Zealot  
  19  1:31  Probe (Chrono Boost)  
  22  1:36  Cybernetics Core  
  22  1:42  Pylon  
  22  1:59  Nexus  
  22  2:17  Assimilator  
  22  2:22  Probe (Chrono Boost)  
  21  2:58  Stargate  
  21  3:17  Probe (Chrono Boost)  
  21  3:22  Probe (Chrono Boost)  
  22  3:31  Assimilator  
  22  3:33  Probe (Chrono Boost)  
  23  3:46  Pylon  
  23  3:50  Warp Gate  
  23  4:04  Oracle (Chrono Boost)  
  23  4:05  Mothership Core  
  23  4:08  Pylon  
  28  4:26  Probe  
  29  4:37  Nexus  
  29  4:38  Probe  
  30  4:44  Assimilator  
  30  4:46  Sentry  
  30  4:50  Probe  
  33  5:05  Probe  
  33  5:10  Stargate  
  33  5:11  Stargate  
  31  5:17  Probe  
  31  5:20  Pylon  
  32  5:27  Void Ray (Chrono Boost)  
  36  5:41  Gateway x2  
  36  5:53  Void Ray (Chrono Boost)  
  38  6:02  Pylon  
  36  6:04  Sentry  
  39  6:14  Void Ray (Chrono Boost)  
Show
View Real Time Build Order
Export as new Build Order

Bioice Zerg 

Build Orders: Pool First 

Get SALT Encoding   

  12  0:02  Drone  
  13  0:13  Overlord  
  13  0:18  Drone  
  14  0:31  Drone x2  
  14  0:35  Drone  
  17  0:53  Drone  
  18  1:03  Drone  
  19  1:10  Drone  
  20  1:17  Extractor  
  19  1:19  Spawning Pool  
  18  1:33  Hatchery  
  18  1:34  Drone  
  18  1:36  Drone  
  19  1:40  Drone  
  20  1:51  Overlord  
  20  2:06  Zergling x2  
  21  2:10  Queen  
  21  2:14  Zergling x2  
  24  2:21  Metabolic Boost  
  24  2:25  Zergling x2  
  25  2:32  Extractor  
  25  2:33  Zergling x2  
  25  2:45  Queen  
  25  2:46  Zergling x4  
  29  2:54  Zergling x2  
  31  2:58  Zergling x2  
  32  3:05  Zergling x2  
  32  3:08  Zergling x2  
  33  3:19  Zergling x2  
  34  3:20  Zergling x4  
  35  3:32  Overlord  
  35  3:45  Overlord  
  35  3:53  Zergling x2  
  35  3:54  Zergling x12  
  42  4:17  Drone x6  
  42  4:23  Drone  
  49  4:34  Drone  
  50  4:41  Overlord  
  50  4:45  Overlord  
  50  4:54  Overlord  
  50  4:57  Roach Warren  
  50  4:59  Drone  
  50  5:02  Drone  
  50  5:04  Overlord  
  50  5:05  Drone  
  52  5:09  Drone  
  52  5:10  Drone  
  54  5:16  Drone x2  
  56  5:26  Zergling x4  
  56  5:27  Zergling x8  
  62  5:40  Zergling x2  
  62  5:41  Zergling x4  
  63  5:49  Zergling x4  
  61  5:52  Zergling x6  
  61  5:53  Zergling x2  
  50  5:57  Zergling x2  
  50  6:02  Zergling x2  
  41  6:11  Zergling x2  
  41  6:16  Zergling x2  
Show
View Real Time Build Order
Export as new Build Order

Ares Zerg - Winner!

Build Orders: Hatch First 

Get SALT Encoding   

  12  0:00  Drone  
  13  0:13  Overlord  
  13  0:17  Drone  
  14  0:31  Drone x2  
  14  0:35  Drone  
  17  0:54  Hatchery  
  17  0:56  Drone  
  17  1:00  Drone  
  18  1:08  Extractor  
  17  1:15  Spawning Pool  
  17  1:18  Drone  
  17  1:21  Drone  
  18  1:28  Drone  
  19  1:39  Overlord  
  19  1:52  Drone  
  20  2:01  Drone  
  20  2:03  Queen  
  20  2:06  Queen  
  25  2:13  Metabolic Boost  
  25  2:15  Drone  
  26  2:25  Drone x2  
  26  2:27  Drone  
  29  2:30  Roach Warren  
  29  2:31  Drone  
  29  2:33  Drone  
  30  2:39  Overlord  
  30  2:50  Drone x2  
  30  2:51  Lair  
  32  2:53  Extractor  
  32  2:55  Drone  
  32  3:07  Zergling x4  
  32  3:12  Zergling x4  
  36  3:13  Zergling x4  
  39  3:20  Zergling x2  
  39  3:24  Zergling x6  
  42  3:27  Overlord  
  42  3:30  Extractor  
  42  3:31  Drone  
  42  3:38  Roach  
  44  3:46  Roach x4  
  52  3:57  Glial Reconstitution  
  52  3:59  Overlord  
  52  4:04  Overlord  
  51  4:13  Overlord  
  51  4:14  Overlord  
  51  4:18  Roach x4  
  51  4:23  Roach x2  
  62  4:33  Roach x4  
  62  4:35  Roach  
  72  4:42  Overlord  
  72  4:43  Drone  
  73  4:47  Drone x3  
  73  4:48  Drone  
  77  4:57  Spore Crawler  
  77  4:59  Drone  
  77  5:03  Drone  
  78  5:07  Drone x4  
  82  5:17  Extractor  
  82  5:21  Overlord  
  81  5:22  Roach  
  83  5:28  Overlord  
  83  5:37  Overlord  
  82  5:48  Roach x6  
  81  6:01  Roach x2  
  84  6:14  Roach x3  
  84  6:15  Roach  
  88  6:23  Roach x2  
  88  6:35  Hatchery  
Tags
 
Add a new tag
Caveats
  • Supply blocks, unpowered buildings, or Contaminate may cause inaccurate times.
  • Supply counts are checked every 10 seconds.